[ AOE2 MATCH · #459119404 ]
UnrankedWei vs Goths
[ REPLAY ANALYSIS · EXTRACTED FROM THE RECORDED GAME ]
Feudal
13:02
Castle
17:27
Imperial
33:35
| APM avg | 33.1 |
| APM peak | 86 |
| eAPM avg | 18.8 |
| Villagers / military | 184 / 14 |
Focus
⚔️ 27.8% · 🌾 72.2%
Unknown (1949) ×335 · Trade Cart ×110 · Unknown (1952) ×32 · Unknown (1942) ×23 · Battering Ram ×10 · Fishing Ship ×4
Feudal
12:38
Castle
25:15
Imperial
32:21
| APM avg | 25.4 |
| APM peak | 75 |
| eAPM avg | 18.2 |
| Villagers / military | 142 / 290 |
Focus
⚔️ 36.8% · 🌾 63.2%
Kamayuk ×185 · Trade Cart ×97 · Petard ×67 · Battering Ram ×35 · Fishing Ship ×22 · Unknown (2550) ×10
Feudal
12:38
Castle
21:08
Imperial
34:08
| APM avg | 29.4 |
| APM peak | 82 |
| eAPM avg | 23.8 |
| Villagers / military | 154 / 410 |
Focus
⚔️ 30.5% · 🌾 69.5%
Knight ×327 · Trade Cart ×80 · Conquistador ×46 · Scout Cavalry ×28 · Mangonel ×7 · Monk ×2
Feudal
12:20
Castle
19:21
Imperial
35:48
| APM avg | 18.3 |
| APM peak | 84 |
| eAPM avg | 13.7 |
| Villagers / military | 114 / 407 |
Focus
⚔️ 35.2% · 🌾 64.8%
Knight ×301 · Cavalry Archer ×86 · Trade Cart ×38 · Battering Ram ×16 · Unknown (2150) ×15 · Mangonel ×2
Feudal
—
Castle
—
Imperial
—
| APM avg | 1068.0 |
| APM peak | 7295 |
| eAPM avg | 1065.1 |
| Villagers / military | 0 / 363 |
Focus
⚔️ 67.3% · 🌾 32.7%
Spearman ×222 · Militia ×30 · Skirmisher ×29 · Scout Cavalry ×29 · Huskarl ×25 · Bombard Cannon ×12
Feudal
—
Castle
—
Imperial
—
| APM avg | 718.9 |
| APM peak | 3129 |
| eAPM avg | 718.2 |
| Villagers / military | 0 / 165 |
Focus
⚔️ 72.1% · 🌾 27.9%
Spearman ×84 · Boyar ×21 · Scout Cavalry ×21 · Skirmisher ×14 · Battering Ram ×13 · Mangonel ×11
Feudal
—
Castle
—
Imperial
—
| APM avg | 909.1 |
| APM peak | 3002 |
| eAPM avg | 908.3 |
| Villagers / military | 0 / 386 |
Focus
⚔️ 55.0% · 🌾 45.0%
Spearman ×197 · Urumi Swordsman ×99 · Scout Cavalry ×61 · Bombard Cannon ×11 · Trebuchet (Packed) ×8 · Monk ×4
Feudal
—
Castle
—
Imperial
—
| APM avg | 626.6 |
| APM peak | 2434 |
| eAPM avg | 625.7 |
| Villagers / military | 0 / 481 |
Focus
⚔️ 47.6% · 🌾 52.4%
Militia ×219 · Spearman ×140 · Scout Cavalry ×67 · Battering Ram ×34 · Trebuchet (Packed) ×10 · Monk ×9
Match map
Initial resources + every placement click. Lines = walls · curves = elevation contours. ◆ gold · ⬟ stone · ● berries · ✦ relic · ◌ wall gap
Your base· ✓ Closed at 17:27 · 79t walls · no gate
草饼大叔's base· ✓ Closed at 25:15 · 17t walls · no gate
se7en's base· ✓ Closed at 21:08 · 271t walls · no gate
Sylmelex's base· ✓ Closed at 19:21 · 62t walls · no gate
's base· Open — opponent sealed themselves in
's base· Open — opponent sealed themselves in
's base· Open — opponent sealed themselves in
's base· Open — opponent sealed themselves in
Smoothed initial terrain · ◌ = detected wall gap · hover for details
Inputs per minute
— 手老抖 - - 草饼大叔
Build order — 手老抖
First 150 of 599 actions detected
| 0:02 | Create | Villager (Male) |
| 0:02 | Create | Villager (Male) |
| 0:04 | Build | House |
| 0:06 | Build | House |
| 0:22 | Create | Villager (Male) |
| 0:23 | Create | Villager (Male) |
| 1:25 | Create | Villager (Male) |
| 1:47 | Build | Lumber Camp |
| 1:58 | Create | Villager (Male) |
| 2:12 | Create | Villager (Male) |
| 2:47 | Create | Villager (Male) |
| 3:00 | Build | House |
| 3:03 | Research | Loom |
| 3:14 | Create | Villager (Male) |
| 3:30 | Build | Palisade Wall |
| 3:53 | Create | Villager (Male) |
| 3:54 | Create | Villager (Male) |
| 4:37 | Create | Villager (Male) |
| 5:04 | Build | House |
| 5:13 | Create | Villager (Male) |
| 5:32 | Build | House |
| 5:38 | Create | Villager (Male) |
| 5:55 | Create | Villager (Male) |
| 6:13 | Build | Palisade Wall |
| 6:20 | Create | Villager (Male) |
| 6:45 | Build | Palisade Wall |
| 6:52 | Build | Palisade Wall |
| 7:05 | Create | Villager (Male) |
| 7:13 | Create | Villager (Male) |
| 7:37 | Build | Mill |
| 7:38 | Build | House |
| 7:42 | Build | House |
| 7:51 | Create | Villager (Male) |
| 7:55 | Build | Palisade Wall |
| 8:05 | Build | Dock |
| 8:14 | Create | Villager (Male) |
| 8:16 | Create | Villager (Male) |
| 9:05 | Build | Palisade Wall |
| 9:07 | Create | Villager (Male) |
| 9:16 | Build | Palisade Wall |
| 9:18 | Create | Villager (Male) |
| 9:21 | Create | Fishing Ship |
| 9:35 | Create | Villager (Male) |
| 9:41 | Build | Mining Camp |
| 10:05 | Build | House |
| 10:25 | Create | Villager (Male) |
| 10:36 | Build | Mining Camp |
| 10:42 | Build | Palisade Wall |
| 10:48 | Build | Mining Camp |
| 10:51 | Research | Feudal Age |
| 12:31 | Create | Villager (Male) |
| 12:31 | Create | Villager (Male) |
| 12:53 | Create | Fishing Ship |
| 13:02 | Age | Feudal Age |
| 13:25 | Create | Villager (Male) |
| 13:35 | Build | Market |
| 13:39 | Build | Blacksmith |
| 13:59 | Build | Mining Camp |
| 14:12 | Build | Stone Wall |
| 14:20 | Build | Stone Wall |
| 14:22 | Create | Villager (Male) |
| 14:25 | Research | Castle Age |
| 14:49 | Build | Lumber Camp |
| 14:54 | Research | Double-Bit Axe |
| 14:58 | Research | Horse Collar |
| 15:26 | Research | Stone Mining |
| 15:54 | Create | Fishing Ship |
| 16:00 | Build | House |
| 16:08 | Research | Wheelbarrow |
| 16:18 | Build | Stone Wall |
| 16:26 | Build | House |
| 16:34 | Research | Gold Mining |
| 16:41 | Build | Stone Wall |
| 16:50 | Create | Villager (Male) |
| 17:14 | Build | Farm |
| 17:19 | Build | Farm |
| 17:20 | Build | Farm |
| 17:27 | Age | Castle Age |
| 17:30 | Build | Town Center |
| 17:39 | Build | Monastery |
| 17:50 | Build | Farm |
| 17:59 | Build | Town Center |
| 18:11 | Create | Villager (Male) |
| 18:18 | Create | Monk |
| 18:28 | Create | Villager (Male) |
| 18:30 | Build | Farm |
| 18:33 | Build | Farm |
| 18:36 | Create | Fishing Ship |
| 18:48 | Create | Villager (Male) |
| 18:48 | Create | Villager (Male) |
| 18:51 | Build | Farm |
| 19:03 | Build | Farm |
| 19:16 | Build | Farm |
| 19:16 | Build | Farm |
| 19:16 | Build | Farm |
| 19:17 | Build | Farm |
| 19:26 | Create | Villager (Male) |
| 19:29 | Build | Farm |
| 19:36 | Build | Fish Trap |
| 19:48 | Create | Villager (Male) |
| 19:48 | Create | Villager (Male) |
| 19:49 | Create | Villager (Male) |
| 19:58 | Build | Fish Trap |
| 20:02 | Create | Villager (Male) |
| 20:12 | Build | Fish Trap |
| 20:14 | Build | Fish Trap |
| 20:17 | Create | Villager (Male) |
| 20:18 | Create | Villager (Male) |
| 20:21 | Build | Farm |
| 20:28 | Build | Farm |
| 20:30 | Build | Farm |
| 20:35 | Create | Villager (Male) |
| 20:36 | Create | Villager (Male) |
| 20:38 | Build | Farm |
| 20:42 | Build | Farm |
| 20:58 | Create | Villager (Male) |
| 20:59 | Create | Villager (Male) |
| 21:01 | Create | Villager (Male) |
| 21:29 | Create | Villager (Male) |
| 21:29 | Create | Villager (Male) |
| 21:30 | Create | Villager (Male) |
| 21:30 | Create | Villager (Male) |
| 21:36 | Build | House |
| 21:37 | Build | House |
| 21:44 | Build | House |
| 21:46 | Build | House |
| 21:50 | Build | Town Center |
| 21:56 | Build | Town Center |
| 22:07 | Create | Villager (Male) |
| 22:07 | Create | Villager (Male) |
| 22:08 | Create | Villager (Male) |
| 22:09 | Create | Villager (Male) |
| 22:10 | Create | Villager (Male) |
| 22:20 | Build | Farm |
| 22:21 | Build | Farm |
| 22:21 | Build | Farm |
| 22:21 | Build | Farm |
| 22:22 | Build | Farm |
| 22:29 | Create | Villager (Male) |
| 22:30 | Create | Villager (Male) |
| 22:36 | Build | House |
| 22:43 | Build | House |
| 22:44 | Build | House |
| 22:55 | Research | Hand Cart |
| 23:16 | Research | Bow Saw |
| 23:19 | Build | Farm |
| 23:20 | Build | Farm |
| 23:23 | Build | Farm |
| 23:28 | Build | Farm |
| 23:30 | Create | Villager (Male) |
Build order — 草饼大叔
First 150 of 551 actions detected
| 0:03 | Create | Villager (Male) |
| 0:03 | Create | Villager (Male) |
| 0:03 | Create | Villager (Male) |
| 0:06 | Build | House |
| 0:08 | Build | House |
| 0:12 | Build | House |
| 0:16 | Research | Loom |
| 0:41 | Create | Villager (Male) |
| 0:41 | Create | Villager (Male) |
| 0:41 | Create | Villager (Male) |
| 1:34 | Create | Villager (Male) |
| 2:27 | Create | Villager (Male) |
| 2:27 | Create | Villager (Male) |
| 2:32 | Create | Villager (Male) |
| 3:00 | Create | Villager (Male) |
| 3:30 | Build | Settlement |
| 3:31 | Create | Villager (Male) |
| 3:31 | Create | Villager (Male) |
| 4:01 | Create | Villager (Male) |
| 4:01 | Create | Villager (Male) |
| 4:34 | Create | Villager (Male) |
| 4:34 | Create | Villager (Male) |
| 5:27 | Create | Villager (Male) |
| 5:27 | Create | Villager (Male) |
| 5:50 | Create | Villager (Male) |
| 5:50 | Create | Villager (Male) |
| 6:25 | Build | Palisade Wall |
| 6:42 | Create | Villager (Male) |
| 6:42 | Create | Villager (Male) |
| 6:43 | Create | Villager (Male) |
| 6:43 | Create | Villager (Male) |
| 6:47 | Create | Villager (Male) |
| 7:05 | Create | Villager (Male) |
| 7:05 | Create | Villager (Male) |
| 8:49 | Create | Villager (Male) |
| 9:17 | Build | Settlement |
| 9:31 | Create | Villager (Male) |
| 9:35 | Research | Feudal Age |
| 10:07 | Build | Dock |
| 10:17 | Build | Settlement |
| 11:41 | Create | Villager (Male) |
| 11:41 | Create | Villager (Male) |
| 12:28 | Create | Villager (Male) |
| 12:32 | Create | Fishing Ship |
| 12:35 | Create | Fishing Ship |
| 12:38 | Age | Feudal Age |
| 12:53 | Research | Double-Bit Axe |
| 12:59 | Create | Villager (Male) |
| 13:04 | Research | Horse Collar |
| 13:32 | Build | Stone Wall |
| 13:34 | Create | Villager (Male) |
| 13:47 | Build | Settlement |
| 13:52 | Build | Fish Trap |
| 14:13 | Create | Fishing Ship ×5 |
| 14:28 | Create | Villager (Male) |
| 14:28 | Create | Villager (Male) |
| 14:28 | Create | Villager (Male) |
| 14:51 | Build | Fish Trap |
| 14:56 | Research | Stone Mining |
| 14:57 | Research | Gold Mining |
| 15:05 | Build | Fish Trap |
| 15:12 | Create | Villager (Male) |
| 15:16 | Build | Dock |
| 15:26 | Create | Villager (Male) |
| 15:53 | Create | Villager (Male) |
| 15:56 | Research | Tech 906 |
| 16:20 | Create | Fishing Ship |
| 16:20 | Create | Fishing Ship |
| 16:20 | Create | Fishing Ship |
| 16:21 | Create | Fishing Ship |
| 16:29 | Build | Settlement |
| 16:43 | Create | Villager (Male) |
| 16:45 | Create | Fishing Ship |
| 16:45 | Create | Fishing Ship |
| 16:51 | Build | Fish Trap |
| 16:56 | Build | Fish Trap |
| 17:00 | Build | Fish Trap |
| 17:04 | Build | Fish Trap |
| 17:09 | Create | Fishing Ship |
| 17:11 | Create | Villager (Male) |
| 17:13 | Create | Villager (Male) |
| 18:04 | Create | Villager (Male) |
| 18:07 | Build | Farm |
| 18:13 | Build | Farm |
| 18:17 | Build | Farm |
| 18:46 | Create | Villager (Male) |
| 18:47 | Create | Villager (Male) |
| 18:53 | Build | Fish Trap |
| 19:00 | Create | Villager (Male) |
| 19:04 | Build | Farm |
| 19:08 | Build | Farm |
| 19:09 | Build | Farm |
| 19:10 | Build | Farm |
| 19:14 | Build | Farm |
| 19:15 | Build | Farm |
| 19:16 | Build | Farm |
| 19:18 | Create | Fishing Ship |
| 19:18 | Create | Fishing Ship |
| 19:18 | Create | Fishing Ship |
| 19:22 | Build | Fish Trap |
| 19:31 | Build | Fish Trap |
| 19:39 | Build | Fish Trap |
| 19:44 | Create | Fishing Ship |
| 19:50 | Build | Farm |
| 19:50 | Build | Farm |
| 19:50 | Build | Farm |
| 19:51 | Build | Farm |
| 20:15 | Build | Fish Trap |
| 20:22 | Build | Fish Trap |
| 20:25 | Build | Fish Trap |
| 20:30 | Create | Villager (Male) |
| 20:30 | Create | Villager (Male) |
| 20:31 | Create | Villager (Male) |
| 20:31 | Create | Villager (Male) |
| 20:35 | Build | Blacksmith |
| 20:48 | Build | Fish Trap |
| 20:50 | Create | Villager (Male) |
| 21:04 | Build | Market |
| 21:43 | Build | Fish Trap |
| 21:48 | Build | Fish Trap |
| 22:06 | Build | Fish Trap |
| 22:14 | Research | Castle Age |
| 22:26 | Create | Fishing Ship |
| 22:26 | Create | Fishing Ship |
| 22:48 | Build | Settlement |
| 23:18 | Build | Fish Trap |
| 23:19 | Build | Fish Trap |
| 23:30 | Create | Fishing Ship |
| 23:30 | Create | Fishing Ship |
| 24:03 | Create | Villager (Male) |
| 24:03 | Create | Villager (Male) |
| 24:23 | Build | Fish Trap |
| 24:35 | Build | Fish Trap |
| 24:52 | Build | Market |
| 24:56 | Create | Villager (Male) |
| 25:15 | Age | Castle Age |
| 25:21 | Build | Town Center |
| 25:26 | Build | Town Center |
| 25:36 | Build | Town Center |
| 25:49 | Create | Villager (Male) |
| 25:49 | Create | Villager (Male) |
| 26:38 | Build | Monastery |
| 26:49 | Create | Villager (Male) |
| 26:49 | Create | Villager (Male) |
| 26:50 | Create | Villager (Male) |
| 26:50 | Create | Villager (Male) |
| 26:50 | Create | Villager (Male) |
| 26:52 | Create | Villager (Male) |
| 26:57 | Create | Villager (Male) |
| 26:58 | Create | Villager (Male) |
Build order — se7en
First 150 of 553 actions detected
| 0:05 | Research | Loom |
| 0:05 | Create | Villager (Male) ×4 |
| 0:07 | Build | House |
| 0:08 | Build | House |
| 1:24 | Create | Villager (Male) |
| 2:05 | Create | Villager (Male) |
| 2:32 | Create | Villager (Male) |
| 2:50 | Build | Lumber Camp |
| 3:07 | Create | Villager (Male) |
| 3:07 | Create | Villager (Male) |
| 3:17 | Create | Villager (Male) |
| 3:17 | Create | Villager (Male) |
| 3:53 | Build | Palisade Wall |
| 3:55 | Create | Villager (Male) |
| 3:56 | Create | Villager (Male) |
| 3:57 | Create | Villager (Male) |
| 4:18 | Create | Villager (Male) |
| 4:18 | Create | Villager (Male) |
| 4:20 | Build | House |
| 5:03 | Create | Villager (Male) |
| 5:03 | Create | Villager (Male) |
| 5:03 | Create | Villager (Male) |
| 5:07 | Build | House |
| 5:25 | Build | Palisade Wall |
| 5:32 | Build | House |
| 5:42 | Build | Mill |
| 5:44 | Build | House |
| 5:56 | Build | House |
| 6:10 | Build | House |
| 6:11 | Build | House |
| 6:18 | Create | Villager (Male) |
| 6:18 | Create | Villager (Male) |
| 6:19 | Create | Villager (Male) |
| 6:19 | Create | Villager (Male) |
| 6:34 | Build | Palisade Wall |
| 6:36 | Build | Palisade Wall |
| 7:06 | Create | Villager (Male) |
| 7:06 | Create | Villager (Male) |
| 7:49 | Create | Villager (Male) |
| 7:57 | Build | Palisade Wall |
| 9:08 | Build | Palisade Wall |
| 9:14 | Build | Palisade Wall |
| 9:31 | Build | House |
| 9:32 | Build | House |
| 9:33 | Build | House |
| 9:34 | Build | House |
| 10:25 | Build | Palisade Wall |
| 10:28 | Research | Feudal Age |
| 10:28 | Research | Feudal Age |
| 10:33 | Build | Palisade Wall |
| 10:35 | Build | Palisade Wall |
| 10:38 | Create | Villager (Male) |
| 11:02 | Build | Mining Camp |
| 11:15 | Build | Mining Camp |
| 11:26 | Build | Palisade Wall |
| 12:13 | Build | Palisade Wall |
| 12:16 | Build | Palisade Wall |
| 12:38 | Age | Feudal Age |
| 12:43 | Research | Wheelbarrow |
| 12:44 | Research | Double-Bit Axe |
| 12:46 | Create | Villager (Male) |
| 12:49 | Build | Stone Wall |
| 12:51 | Build | Stone Wall |
| 12:56 | Build | Stone Wall |
| 13:26 | Research | Horse Collar |
| 13:48 | Build | Stone Wall |
| 13:50 | Build | Stone Wall |
| 14:00 | Create | Villager (Male) ×5 |
| 15:36 | Build | Market |
| 15:50 | Create | Villager (Male) ×5 |
| 16:00 | Build | Stone Wall |
| 16:08 | Build | Stone Wall |
| 16:12 | Build | Stone Wall |
| 16:27 | Build | Blacksmith |
| 17:09 | Build | Farm |
| 17:10 | Build | Farm |
| 17:11 | Build | Farm |
| 17:12 | Build | Farm |
| 17:13 | Build | Farm |
| 17:14 | Research | Castle Age |
| 17:17 | Build | Farm |
| 17:18 | Build | Farm |
| 17:20 | Build | Farm |
| 17:46 | Build | Stone Wall |
| 18:16 | Build | Stone Wall |
| 18:31 | Build | House |
| 18:34 | Build | Outpost |
| 18:37 | Build | House |
| 18:39 | Build | House |
| 18:40 | Build | House |
| 18:51 | Research | Stone Mining |
| 18:52 | Research | Gold Mining |
| 19:02 | Build | Farm |
| 19:03 | Build | Mill |
| 19:07 | Build | Farm |
| 19:08 | Build | Farm |
| 19:10 | Build | Farm |
| 19:28 | Build | Stone Wall |
| 19:30 | Build | Stone Wall |
| 19:36 | Build | Stone Wall |
| 21:08 | Age | Castle Age |
| 21:14 | Build | Town Center |
| 21:19 | Research | Hand Cart |
| 21:23 | Research | Bow Saw |
| 21:32 | Build | Stone Wall |
| 21:38 | Build | Stone Wall |
| 21:38 | Build | Stone Wall |
| 21:47 | Create | Villager (Male) |
| 21:57 | Research | Heavy Plow |
| 22:00 | Create | Villager (Male) |
| 22:11 | Create | Villager (Male) |
| 22:13 | Create | Villager (Male) |
| 22:13 | Create | Villager (Male) |
| 22:23 | Build | Farm |
| 22:31 | Create | Villager (Male) |
| 22:39 | Build | Farm |
| 22:40 | Create | Villager (Male) |
| 22:44 | Build | Stone Wall |
| 22:45 | Build | Stone Wall |
| 22:47 | Create | Villager (Male) |
| 22:59 | Build | Lumber Camp |
| 23:05 | Create | Villager (Male) |
| 23:05 | Create | Villager (Male) |
| 23:10 | Build | Stone Wall |
| 23:24 | Create | Villager (Male) |
| 23:33 | Create | Villager (Male) |
| 23:40 | Build | Mining Camp |
| 23:47 | Create | Villager (Male) |
| 24:01 | Build | Stone Wall |
| 24:03 | Create | Villager (Male) |
| 24:05 | Create | Villager (Male) |
| 24:13 | Build | Town Center |
| 24:25 | Build | Farm |
| 24:26 | Create | Villager (Male) |
| 24:39 | Create | Villager (Male) |
| 24:44 | Build | Stone Wall |
| 24:49 | Create | Villager (Male) |
| 24:59 | Create | Villager (Male) |
| 25:10 | Create | Villager (Male) |
| 25:11 | Create | Villager (Male) |
| 25:15 | Build | Stone Wall |
| 25:22 | Build | Stone Wall |
| 25:31 | Create | Villager (Male) |
| 25:46 | Build | Farm |
| 25:47 | Build | Farm |
| 25:49 | Build | Farm |
| 25:50 | Build | Farm |
| 25:52 | Create | Villager (Male) |
| 25:52 | Create | Villager (Male) |
| 26:04 | Build | Town Center |
Build order — Sylmelex
First 150 of 527 actions detected
| 0:03 | Research | Loom |
| 0:03 | Create | Villager (Male) |
| 0:03 | Create | Villager (Male) |
| 0:03 | Create | Villager (Male) |
| 0:06 | Build | House |
| 0:07 | Build | House |
| 0:35 | Create | Villager (Male) |
| 0:35 | Create | Villager (Male) |
| 2:01 | Build | House |
| 2:18 | Build | Palisade Wall |
| 2:21 | Build | Palisade Wall |
| 2:46 | Create | Villager (Male) |
| 2:46 | Create | Villager (Male) |
| 4:04 | Create | Villager (Male) |
| 4:35 | Build | Palisade Wall |
| 4:38 | Build | Palisade Wall |
| 4:42 | Create | Villager (Male) |
| 4:49 | Build | House |
| 4:51 | Build | House |
| 5:15 | Create | Villager (Male) |
| 5:58 | Create | Villager (Male) |
| 6:53 | Create | Villager (Male) |
| 7:25 | Build | Mill |
| 8:19 | Create | Villager (Male) |
| 9:02 | Build | Lumber Camp |
| 9:03 | Create | Villager (Male) |
| 9:45 | Create | Villager (Male) |
| 9:50 | Research | Feudal Age |
| 10:27 | Build | Mining Camp |
| 12:19 | Create | Villager (Male) |
| 12:20 | Age | Feudal Age |
| 12:45 | Build | Stone Wall |
| 12:47 | Build | Stone Wall |
| 12:55 | Create | Villager (Male) |
| 13:18 | Build | Market |
| 13:22 | Create | Villager (Male) |
| 13:47 | Create | Villager (Male) |
| 14:10 | Create | Villager (Male) |
| 14:21 | Build | Stone Wall |
| 14:29 | Research | Double-Bit Axe |
| 14:33 | Build | House |
| 14:43 | Create | Villager (Male) |
| 14:49 | Build | House |
| 15:03 | Create | Villager (Male) |
| 15:37 | Build | Stone Wall |
| 15:41 | Create | Villager (Male) |
| 16:11 | Build | Blacksmith |
| 16:14 | Create | Villager (Male) |
| 16:41 | Research | Castle Age |
| 16:54 | Build | Stone Wall |
| 17:01 | Build | Mining Camp |
| 17:09 | Build | House |
| 17:10 | Build | House |
| 17:12 | Build | House |
| 17:12 | Build | House |
| 17:14 | Build | House |
| 17:42 | Create | Trade Cart |
| 19:12 | Research | Wheelbarrow |
| 19:21 | Age | Castle Age |
| 19:24 | Build | Town Center |
| 19:35 | Research | Bow Saw |
| 20:24 | Build | Stone Wall |
| 20:27 | Build | Stone Wall |
| 20:28 | Build | Stone Wall |
| 20:32 | Create | Villager (Male) |
| 20:53 | Build | Monastery |
| 20:58 | Create | Villager (Male) |
| 21:19 | Build | Town Center |
| 21:26 | Create | Villager (Male) |
| 22:04 | Research | Tech 1195 |
| 22:06 | Build | Farm |
| 22:06 | Build | Farm |
| 22:06 | Build | Farm |
| 22:07 | Build | Farm |
| 22:07 | Build | Farm |
| 22:07 | Build | Farm |
| 22:12 | Create | Villager (Male) |
| 22:14 | Create | Villager (Male) |
| 22:15 | Create | Villager (Male) |
| 22:46 | Create | Villager (Male) |
| 23:09 | Build | House |
| 23:10 | Build | House |
| 23:10 | Build | House |
| 23:13 | Build | House |
| 23:14 | Build | House |
| 23:15 | Build | House |
| 23:17 | Create | Villager (Male) |
| 23:19 | Create | Villager (Male) |
| 23:20 | Create | Villager (Male) |
| 23:26 | Build | Farm |
| 23:26 | Build | Farm |
| 23:26 | Build | Farm |
| 23:27 | Build | Farm |
| 23:27 | Build | Farm |
| 23:27 | Build | Farm |
| 23:27 | Build | Farm |
| 23:35 | Build | Farm |
| 23:35 | Build | Farm |
| 23:35 | Build | Farm |
| 23:35 | Build | Farm |
| 23:44 | Build | Stone Wall |
| 23:48 | Build | Stone Wall |
| 23:52 | Create | Villager (Male) |
| 24:27 | Create | Monk |
| 24:30 | Create | Villager (Male) |
| 24:36 | Build | Farm |
| 24:36 | Build | Farm |
| 24:36 | Build | Farm |
| 24:37 | Build | Farm |
| 24:37 | Build | Farm |
| 24:37 | Build | Farm |
| 24:39 | Create | Villager (Male) |
| 24:57 | Create | Villager (Male) |
| 25:00 | Create | Villager (Male) |
| 25:21 | Create | Villager (Male) |
| 25:47 | Create | Villager (Male) |
| 25:53 | Build | Town Center |
| 25:56 | Create | Villager (Male) |
| 25:59 | Research | Horse Collar |
| 26:06 | Build | Stone Wall |
| 26:11 | Build | Stone Wall |
| 26:15 | Create | Villager (Male) |
| 26:21 | Create | Villager (Male) |
| 26:31 | Build | House |
| 26:32 | Build | House |
| 26:33 | Build | House |
| 26:34 | Build | House |
| 26:35 | Build | House |
| 26:36 | Build | House |
| 26:37 | Create | Villager (Male) |
| 26:38 | Create | Villager (Male) |
| 26:52 | Create | Trade Cart |
| 26:54 | Create | Villager (Male) |
| 27:03 | Create | Villager (Male) |
| 27:07 | Create | Villager (Male) |
| 27:18 | Build | University |
| 27:22 | Create | Villager (Male) |
| 27:39 | Create | Villager (Male) |
| 27:39 | Create | Villager (Male) |
| 27:52 | Create | Trade Cart |
| 28:06 | Build | Stone Wall |
| 28:11 | Research | Treadmill Crane |
| 28:13 | Create | Villager (Male) |
| 28:13 | Create | Villager (Male) |
| 28:17 | Research | Tech 1195 |
| 28:20 | Create | Villager (Male) |
| 28:29 | Build | House |
| 28:36 | Build | House |
| 28:39 | Build | House |
| 28:42 | Build | House |
Build order —
First 150 of 752 actions detected
| 0:00 | Build | House |
| 0:03 | Build | House |
| 1:42 | Build | Lumber Camp |
| 3:46 | Build | House |
| 4:11 | Build | Mill |
| 5:28 | Build | Lumber Camp |
| 5:53 | Build | House |
| 7:23 | Build | Mining Camp |
| 7:57 | Build | Farm |
| 7:58 | Build | House |
| 8:32 | Build | Farm |
| 9:06 | Build | Farm |
| 9:29 | Build | Farm |
| 9:36 | Research | Tech None |
| 9:41 | Build | House |
| 10:47 | Build | Barracks |
| 11:50 | Build | Stable |
| 12:38 | Build | Blacksmith |
| 12:59 | Research | Tech None |
| 13:30 | Research | Tech None |
| 13:34 | Research | Tech None |
| 13:55 | Build | Farm |
| 13:58 | Build | Farm |
| 14:15 | Build | Farm |
| 14:25 | Build | Farm |
| 14:36 | Build | Farm |
| 14:53 | Build | Farm |
| 14:59 | Build | Farm |
| 15:19 | Build | Farm |
| 16:10 | Research | Tech None |
| 16:12 | Research | Tech None |
| 16:20 | Research | Tech None |
| 16:20 | Build | Town Center |
| 16:40 | Build | Town Center |
| 17:37 | Build | Town Center |
| 17:38 | Build | House |
| 17:43 | Build | House |
| 17:53 | Build | Farm |
| 18:10 | Build | Farm |
| 18:19 | Build | Farm |
| 18:41 | Research | Tech None |
| 18:48 | Build | Farm |
| 19:05 | Build | Farm |
| 19:11 | Build | Farm |
| 19:24 | Build | Farm |
| 19:33 | Build | Farm |
| 19:41 | Build | Farm |
| 19:59 | Build | Farm |
| 20:09 | Build | Farm |
| 20:23 | Build | Farm |
| 20:39 | Build | Farm |
| 20:58 | Build | Lumber Camp |
| 21:00 | Build | Farm |
| 21:00 | Build | House |
| 21:01 | Build | House |
| 21:13 | Build | Farm |
| 21:27 | Build | Monastery |
| 21:35 | Build | Farm |
| 21:39 | Build | Farm |
| 21:56 | Build | Farm |
| 21:58 | Build | Farm |
| 22:09 | Research | Tech None |
| 22:19 | Build | House |
| 22:20 | Build | House |
| 22:32 | Build | Market |
| 22:54 | Build | House |
| 22:57 | Build | Stable |
| 23:02 | Build | Farm |
| 23:20 | Build | House |
| 23:23 | Build | Mining Camp |
| 23:48 | Build | House |
| 23:59 | Research | Tech None |
| 24:08 | Build | Farm |
| 24:22 | Build | Stable |
| 24:34 | Build | Farm |
| 24:44 | Build | Farm |
| 24:47 | Build | Farm |
| 24:51 | Build | Farm |
| 24:58 | Build | Farm |
| 25:09 | Build | Farm |
| 25:27 | Build | Farm |
| 25:33 | Research | Tech None |
| 25:37 | Build | Siege Workshop |
| 25:42 | Build | Farm |
| 25:46 | Build | Farm |
| 26:01 | Build | Farm |
| 26:02 | Build | Lumber Camp |
| 26:06 | Build | Farm |
| 26:10 | Build | House |
| 26:13 | Build | House |
| 26:18 | Build | Farm |
| 26:20 | Build | Farm |
| 26:24 | Build | Farm |
| 26:29 | Build | Mining Camp |
| 26:42 | Build | Farm |
| 26:43 | Build | Mining Camp |
| 26:49 | Research | Tech None |
| 26:49 | Build | House |
| 26:50 | Research | Tech None |
| 26:50 | Research | Tech None |
| 27:11 | Research | Tech None |
| 27:12 | Build | Mill |
| 27:28 | Research | Tech None |
| 27:36 | Research | Tech None |
| 27:44 | Build | Town Center |
| 27:50 | Build | Mining Camp |
| 28:10 | Research | Tech None |
| 28:24 | Research | Tech None |
| 28:27 | Build | Barracks |
| 28:35 | Build | Barracks |
| 28:38 | Build | House |
| 28:39 | Build | House |
| 28:42 | Build | House |
| 29:04 | Build | Barracks |
| 29:13 | Build | Barracks |
| 29:20 | Build | Barracks |
| 29:40 | Build | Barracks |
| 29:52 | Build | Barracks |
| 30:00 | Research | Tech None |
| 30:02 | Build | Lumber Camp |
| 30:13 | Build | Barracks |
| 30:21 | Research | Tech None |
| 30:21 | Build | Barracks |
| 30:38 | Build | Barracks |
| 30:50 | Build | Farm |
| 30:52 | Build | Barracks |
| 30:53 | Build | Market |
| 30:57 | Research | Tech None |
| 31:00 | Build | Siege Workshop |
| 31:07 | Build | Archery Range |
| 31:23 | Build | Farm |
| 31:35 | Build | Archery Range |
| 31:42 | Build | Archery Range |
| 31:52 | Build | Farm |
| 31:55 | Build | Farm |
| 31:58 | Build | Farm |
| 32:02 | Build | Farm |
| 32:12 | Build | Farm |
| 32:13 | Build | Farm |
| 32:14 | Build | Farm |
| 32:25 | Build | Farm |
| 32:25 | Build | Farm |
| 32:27 | Build | Castle |
| 32:27 | Build | Farm |
| 32:36 | Build | Mill |
| 32:54 | Build | Market |
| 32:54 | Build | Archery Range |
| 33:03 | Build | Lumber Camp |
| 33:12 | Build | Archery Range |
| 33:22 | Build | House |
Build order —
First 150 of 537 actions detected
| 0:00 | Build | House |
| 0:02 | Build | House |
| 1:42 | Build | Lumber Camp |
| 3:46 | Build | House |
| 4:11 | Build | Mill |
| 5:51 | Build | House |
| 6:10 | Build | Lumber Camp |
| 6:41 | Research | Tech None |
| 7:41 | Research | Tech None |
| 7:56 | Build | House |
| 8:19 | Build | Barracks |
| 9:58 | Build | Farm |
| 10:06 | Research | Tech None |
| 10:06 | Build | Stable |
| 10:08 | Research | Tech None |
| 10:15 | Build | Farm |
| 10:41 | Build | Farm |
| 11:01 | Build | Farm |
| 11:12 | Build | Farm |
| 11:30 | Build | Farm |
| 11:50 | Build | Farm |
| 12:12 | Build | Farm |
| 12:27 | Build | Farm |
| 12:38 | Build | Farm |
| 12:49 | Build | Farm |
| 13:12 | Build | Mining Camp |
| 13:49 | Build | Archery Range |
| 13:56 | Build | House |
| 14:27 | Build | Lumber Camp |
| 15:07 | Research | Tech None |
| 15:07 | Build | Farm |
| 15:12 | Build | Lumber Camp |
| 15:59 | Build | Archery Range |
| 16:38 | Build | Blacksmith |
| 16:41 | Build | Farm |
| 16:46 | Research | Tech None |
| 17:05 | Build | Farm |
| 17:17 | Build | Farm |
| 17:21 | Research | Tech None |
| 17:30 | Build | Farm |
| 17:45 | Build | Farm |
| 18:00 | Build | Farm |
| 18:28 | Build | Farm |
| 18:29 | Build | House |
| 18:34 | Build | House |
| 19:08 | Build | Market |
| 19:09 | Research | Tech None |
| 19:41 | Research | Tech None |
| 21:49 | Research | Tech None |
| 21:50 | Research | Tech None |
| 21:51 | Build | Town Center |
| 21:57 | Research | Tech None |
| 21:57 | Build | Town Center |
| 22:13 | Build | Town Center |
| 22:20 | Build | House |
| 22:26 | Build | House |
| 22:58 | Build | Archery Range |
| 23:10 | Build | Farm |
| 23:19 | Build | Farm |
| 23:29 | Build | Farm |
| 23:55 | Build | Farm |
| 24:02 | Build | Monastery |
| 24:20 | Build | Farm |
| 24:32 | Build | Farm |
| 24:41 | Build | Farm |
| 24:56 | Build | Farm |
| 25:15 | Build | Lumber Camp |
| 25:21 | Build | Farm |
| 25:29 | Build | Farm |
| 25:30 | Build | Farm |
| 25:31 | Build | Farm |
| 25:40 | Build | House |
| 25:44 | Build | House |
| 25:47 | Build | Castle |
| 25:51 | Build | Farm |
| 25:53 | Build | Farm |
| 26:01 | Build | Farm |
| 26:12 | Build | Farm |
| 26:19 | Build | Farm |
| 26:29 | Build | Farm |
| 26:38 | Build | Farm |
| 26:43 | Build | Farm |
| 26:52 | Research | Tech None |
| 26:53 | Build | Farm |
| 27:17 | Research | Tech None |
| 27:19 | Build | House |
| 27:20 | Build | House |
| 27:21 | Research | Tech None |
| 27:27 | Build | Farm |
| 27:34 | Build | Farm |
| 27:40 | Build | Farm |
| 27:46 | Build | Farm |
| 27:50 | Research | Tech None |
| 27:56 | Build | Farm |
| 28:01 | Build | Farm |
| 28:07 | Build | Farm |
| 28:17 | Build | Mining Camp |
| 28:33 | Build | Farm |
| 28:37 | Build | Farm |
| 28:43 | Build | Mill |
| 28:47 | Build | Mill |
| 28:49 | Build | Farm |
| 29:03 | Build | Farm |
| 29:09 | Build | Farm |
| 29:15 | Build | Farm |
| 29:21 | Build | Lumber Camp |
| 29:30 | Build | Mill |
| 29:40 | Build | Farm |
| 29:44 | Research | Tech None |
| 29:44 | Build | Farm |
| 29:53 | Build | Mill |
| 29:58 | Build | Lumber Camp |
| 30:05 | Research | Tech None |
| 30:21 | Build | Mining Camp |
| 30:29 | Build | Mill |
| 30:37 | Build | Mill |
| 30:48 | Research | Tech None |
| 30:54 | Build | Barracks |
| 31:00 | Build | House |
| 31:01 | Build | House |
| 31:10 | Build | Barracks |
| 31:16 | Research | Tech None |
| 31:31 | Build | Barracks |
| 31:34 | Build | House |
| 31:45 | Research | Tech None |
| 31:48 | Build | Barracks |
| 31:53 | Research | Tech None |
| 32:01 | Build | Farm |
| 32:15 | Build | Farm |
| 32:21 | Build | Castle |
| 32:24 | Build | Mining Camp |
| 32:37 | Build | Market |
| 32:37 | Build | Barracks |
| 32:41 | Research | Tech None |
| 32:45 | Build | Farm |
| 32:53 | Research | Tech None |
| 33:07 | Research | Tech None |
| 33:08 | Build | Barracks |
| 33:19 | Build | Barracks |
| 33:28 | Build | Lumber Camp |
| 33:50 | Build | Stable |
| 34:02 | Build | Stable |
| 34:07 | Research | Tech None |
| 34:12 | Build | Stable |
| 34:27 | Build | Stable |
| 34:46 | Research | Tech None |
| 35:04 | Build | University |
| 35:21 | Build | Stable |
| 35:29 | Build | Stable |
| 35:36 | Build | Market |
Build order —
First 150 of 731 actions detected
| 0:00 | Build | House |
| 0:02 | Build | House |
| 1:42 | Build | Lumber Camp |
| 3:46 | Build | House |
| 4:11 | Build | Mill |
| 5:51 | Build | House |
| 6:20 | Build | Lumber Camp |
| 6:41 | Research | Tech None |
| 7:32 | Research | Tech None |
| 7:37 | Build | Mining Camp |
| 8:00 | Build | House |
| 9:08 | Build | Barracks |
| 10:06 | Research | Tech None |
| 10:06 | Build | Archery Range |
| 10:07 | Research | Tech None |
| 10:08 | Build | Farm |
| 10:10 | Build | Farm |
| 10:31 | Build | Farm |
| 11:09 | Build | Archery Range |
| 11:53 | Build | Blacksmith |
| 12:20 | Build | Farm |
| 12:38 | Research | Tech None |
| 12:45 | Build | Farm |
| 13:01 | Build | Farm |
| 13:12 | Build | Farm |
| 13:24 | Build | Farm |
| 13:59 | Build | Farm |
| 14:11 | Build | House |
| 14:11 | Build | House |
| 14:34 | Build | Farm |
| 14:57 | Build | Farm |
| 15:07 | Research | Tech None |
| 15:09 | Build | Farm |
| 15:21 | Build | Farm |
| 15:47 | Research | Tech None |
| 16:02 | Build | Lumber Camp |
| 16:27 | Build | House |
| 16:28 | Build | House |
| 16:48 | Build | Farm |
| 17:09 | Build | Farm |
| 17:38 | Build | Farm |
| 18:01 | Build | Farm |
| 18:28 | Build | Farm |
| 18:39 | Build | Market |
| 18:55 | Research | Tech None |
| 19:37 | Build | Archery Range |
| 19:38 | Research | Tech None |
| 19:38 | Build | House |
| 19:39 | Build | House |
| 20:49 | Build | Lumber Camp |
| 21:36 | Build | Town Center |
| 21:37 | Research | Tech None |
| 21:37 | Research | Tech None |
| 21:37 | Build | Town Center |
| 21:48 | Research | Tech None |
| 22:43 | Build | Monastery |
| 22:43 | Build | Monastery |
| 22:53 | Research | Tech None |
| 23:18 | Build | Farm |
| 23:38 | Build | Farm |
| 23:50 | Build | Farm |
| 24:01 | Build | University |
| 24:04 | Build | House |
| 24:05 | Build | House |
| 24:11 | Build | Farm |
| 24:27 | Build | Farm |
| 24:31 | Build | Farm |
| 24:33 | Build | Farm |
| 24:39 | Build | Farm |
| 24:55 | Build | Farm |
| 25:00 | Build | Lumber Camp |
| 25:09 | Research | Tech None |
| 25:44 | Build | House |
| 25:48 | Build | House |
| 25:52 | Build | Farm |
| 25:58 | Build | Farm |
| 26:04 | Create | Archer |
| 26:05 | Create | Archer |
| 26:12 | Create | Archer |
| 26:17 | Build | Farm |
| 26:19 | Build | House |
| 26:25 | Build | Farm |
| 26:38 | Build | Farm |
| 26:38 | Build | House |
| 26:46 | Build | Farm |
| 26:52 | Research | Tech None |
| 26:52 | Create | Monk |
| 26:52 | Build | Farm |
| 26:56 | Build | Farm |
| 27:25 | Research | Tech None |
| 27:28 | Build | Farm |
| 27:36 | Build | Farm |
| 27:42 | Build | Farm |
| 27:50 | Build | Farm |
| 27:54 | Build | Farm |
| 27:57 | Build | Farm |
| 28:12 | Build | Farm |
| 28:15 | Build | Farm |
| 28:18 | Build | House |
| 28:19 | Build | House |
| 28:36 | Build | Farm |
| 28:37 | Build | Farm |
| 28:49 | Build | Farm |
| 28:55 | Build | Farm |
| 28:55 | Build | House |
| 28:57 | Build | Farm |
| 28:59 | Build | Farm |
| 29:00 | Research | Tech None |
| 29:08 | Research | Tech None |
| 29:12 | Build | Farm |
| 29:14 | Build | House |
| 29:20 | Build | Farm |
| 29:32 | Build | Lumber Camp |
| 29:35 | Build | Farm |
| 29:40 | Build | Mining Camp |
| 29:42 | Build | House |
| 29:51 | Build | Farm |
| 29:59 | Build | Farm |
| 30:08 | Build | Farm |
| 30:15 | Build | Farm |
| 30:20 | Build | Mill |
| 30:23 | Research | Tech None |
| 30:24 | Research | Tech None |
| 30:28 | Build | Mill |
| 30:40 | Build | Mill |
| 30:46 | Build | Mill |
| 30:57 | Research | Tech None |
| 31:04 | Build | Mill |
| 31:20 | Build | Mining Camp |
| 31:26 | Build | Mining Camp |
| 31:40 | Build | Stable |
| 31:43 | Build | House |
| 31:44 | Build | House |
| 32:02 | Build | Barracks |
| 32:11 | Build | Barracks |
| 32:13 | Build | House |
| 32:18 | Build | Barracks |
| 32:31 | Build | Barracks |
| 32:38 | Research | Tech None |
| 32:44 | Build | Castle |
| 32:44 | Build | Mining Camp |
| 32:52 | Build | Barracks |
| 33:09 | Build | Barracks |
| 33:30 | Build | Barracks |
| 33:34 | Build | Lumber Camp |
| 33:35 | Build | Barracks |
| 33:49 | Build | Siege Workshop |
| 33:51 | Research | Tech None |
| 34:00 | Build | Stable |
| 34:15 | Build | Siege Workshop |
Build order —
First 150 of 879 actions detected
| 0:00 | Build | House |
| 0:02 | Build | House |
| 1:42 | Build | Lumber Camp |
| 3:46 | Build | House |
| 4:03 | Research | Tech None |
| 4:11 | Build | Mill |
| 4:18 | Build | Lumber Camp |
| 6:17 | Build | House |
| 7:53 | Build | Mining Camp |
| 8:06 | Build | Farm |
| 8:08 | Build | Farm |
| 8:09 | Build | Farm |
| 8:23 | Build | House |
| 8:55 | Build | Farm |
| 10:01 | Research | Tech None |
| 10:03 | Build | House |
| 10:16 | Build | Barracks |
| 12:13 | Build | Stable |
| 12:14 | Build | Blacksmith |
| 13:04 | Research | Tech None |
| 13:28 | Research | Tech None |
| 13:37 | Research | Tech None |
| 13:58 | Build | Farm |
| 14:01 | Build | Farm |
| 14:17 | Build | Farm |
| 14:25 | Build | Farm |
| 14:45 | Build | Farm |
| 14:57 | Build | Farm |
| 15:20 | Build | Farm |
| 15:26 | Build | Farm |
| 16:09 | Research | Tech None |
| 16:35 | Build | Town Center |
| 16:44 | Build | Farm |
| 17:04 | Build | Farm |
| 17:22 | Build | Farm |
| 18:22 | Build | Town Center |
| 18:35 | Research | Tech None |
| 18:45 | Build | House |
| 18:46 | Build | House |
| 19:00 | Build | Farm |
| 19:09 | Build | Farm |
| 19:14 | Build | House |
| 19:19 | Build | Farm |
| 19:38 | Build | Farm |
| 19:43 | Build | Farm |
| 19:56 | Build | Lumber Camp |
| 20:27 | Research | Tech None |
| 20:38 | Build | Farm |
| 20:44 | Build | Farm |
| 21:03 | Build | Farm |
| 21:04 | Build | Farm |
| 21:08 | Build | Farm |
| 21:13 | Build | Farm |
| 21:24 | Build | Farm |
| 21:32 | Build | Farm |
| 21:37 | Build | Monastery |
| 21:38 | Build | Market |
| 21:42 | Build | Farm |
| 21:42 | Build | House |
| 21:43 | Build | House |
| 21:52 | Build | Farm |
| 22:07 | Build | Farm |
| 22:17 | Build | Lumber Camp |
| 22:30 | Build | Farm |
| 22:38 | Build | Farm |
| 22:46 | Research | Tech None |
| 22:57 | Build | Farm |
| 22:58 | Build | House |
| 22:59 | Build | House |
| 23:13 | Build | Stable |
| 23:19 | Build | Farm |
| 23:25 | Build | House |
| 23:27 | Build | Farm |
| 23:41 | Build | Farm |
| 24:08 | Build | Farm |
| 24:12 | Research | Tech None |
| 24:16 | Build | Farm |
| 24:28 | Build | Farm |
| 24:32 | Build | Farm |
| 24:37 | Research | Tech None |
| 24:45 | Build | Farm |
| 24:55 | Build | Mill |
| 25:00 | Build | Mining Camp |
| 25:15 | Build | Farm |
| 25:34 | Build | Siege Workshop |
| 25:36 | Build | House |
| 25:37 | Build | House |
| 25:44 | Research | Tech None |
| 25:44 | Build | Farm |
| 25:59 | Build | Farm |
| 26:02 | Build | Mill |
| 26:08 | Build | Stable |
| 26:15 | Build | Farm |
| 26:16 | Build | Mining Camp |
| 26:23 | Build | Farm |
| 26:42 | Build | Farm |
| 26:47 | Research | Tech None |
| 26:48 | Research | Tech None |
| 26:48 | Research | Tech None |
| 26:56 | Build | Lumber Camp |
| 26:56 | Build | Farm |
| 26:58 | Build | Farm |
| 27:03 | Build | Farm |
| 27:15 | Build | Farm |
| 27:18 | Research | Tech None |
| 27:23 | Research | Tech None |
| 27:32 | Research | Tech None |
| 27:32 | Build | Town Center |
| 27:36 | Build | Town Center |
| 27:39 | Build | Farm |
| 27:49 | Build | Farm |
| 27:51 | Research | Tech None |
| 27:58 | Research | Tech None |
| 28:01 | Build | Mining Camp |
| 28:10 | Build | Farm |
| 28:12 | Build | Farm |
| 28:13 | Build | House |
| 28:14 | Build | House |
| 28:15 | Build | House |
| 28:23 | Build | Barracks |
| 28:30 | Build | Farm |
| 28:41 | Build | Farm |
| 28:43 | Build | House |
| 28:54 | Build | University |
| 29:04 | Build | Barracks |
| 29:17 | Build | Barracks |
| 29:43 | Build | Farm |
| 29:53 | Build | Barracks |
| 29:58 | Research | Tech None |
| 29:58 | Research | Tech None |
| 30:11 | Build | Barracks |
| 30:19 | Build | Barracks |
| 30:23 | Research | Tech None |
| 30:23 | Build | Barracks |
| 30:34 | Build | Siege Workshop |
| 30:35 | Research | Tech None |
| 30:48 | Build | Stable |
| 30:52 | Research | Tech None |
| 30:54 | Build | Siege Workshop |
| 30:57 | Build | Lumber Camp |
| 31:08 | Build | Stable |
| 31:22 | Build | Stable |
| 31:35 | Build | Archery Range |
| 31:40 | Build | Archery Range |
| 31:43 | Build | Archery Range |
| 31:53 | Build | Castle |
| 31:57 | Build | Archery Range |
| 32:01 | Build | Archery Range |
| 32:18 | Build | Market |
| 32:21 | Build | Farm |
Match timeline
| 2:18 | Sylmelex · wall_segment Palisade Wall x3 |
| 2:21 | Sylmelex · wall_segment Palisade Wall x10 |
| 3:30 | 手老抖 · wall_segment Palisade Wall x8 |
| 3:53 | se7en · wall_segment Palisade Wall x11 |
| 4:35 | Sylmelex · wall_segment Palisade Wall x6 |
| 4:38 | Sylmelex · wall_segment Palisade Wall x8 |
| 5:25 | se7en · wall_segment Palisade Wall x11 |
| 6:13 | 手老抖 · wall_segment Palisade Wall x10 |
| 6:25 | 草饼大叔 · wall_segment Palisade Wall x7 |
| 6:34 | se7en · wall_segment Palisade Wall x11 |
| 6:36 | se7en · wall_segment Palisade Wall x10 |
| 6:45 | 手老抖 · wall_segment Palisade Wall x8 |
| 6:52 | 手老抖 · wall_segment Palisade Wall x5 |
| 7:55 | 手老抖 · wall_segment Palisade Wall x8 |
| 7:57 | se7en · wall_segment Palisade Wall x9 |
| 8:05 | 手老抖 · first_building Dock |
| 8:19 | · first_building Barracks |
| 9:05 | 手老抖 · wall_segment Palisade Wall x8 |
| 9:08 | se7en · wall_segment Palisade Wall x3 |
| 9:08 | · first_building Barracks |
| 9:14 | se7en · wall_segment Palisade Wall x11 |
| 9:16 | 手老抖 · wall_segment Palisade Wall x6 |
| 10:06 | · first_building Stable |
| 10:06 | · first_building Archery Range |
| 10:07 | 草饼大叔 · first_building Dock |
| 10:16 | · first_building Barracks |
| 10:25 | se7en · wall_segment Palisade Wall x14 |
| 10:33 | se7en · wall_segment Palisade Wall x10 |
| 10:35 | se7en · wall_segment Palisade Wall x12 |
| 10:42 | 手老抖 · wall_segment Palisade Wall x7 |
| 10:47 | · first_building Barracks |
| 11:26 | se7en · wall_segment Palisade Wall x14 |
| 11:50 | · first_building Stable |
| 12:13 | se7en · wall_segment Palisade Wall x2 |
| 12:13 | · first_building Stable |
| 12:16 | se7en · wall_segment Palisade Wall x11 |
| 12:20 | Sylmelex · age_up feudal |
| 12:38 | 草饼大叔 · age_up feudal |
| 12:38 | se7en · age_up feudal |
| 12:45 | Sylmelex · wall_segment Stone Wall x6 |
| 12:47 | Sylmelex · wall_segment Stone Wall x6 |
| 12:49 | se7en · wall_segment Stone Wall x13 |
| 12:51 | se7en · wall_segment Stone Wall x17 |
| 12:56 | se7en · wall_segment Stone Wall x12 |
| 13:02 | 手老抖 · age_up feudal |
| 13:32 | 草饼大叔 · wall_segment Stone Wall x10 |
| 13:48 | se7en · wall_segment Stone Wall x12 |
| 13:49 | · first_building Archery Range |
| 13:50 | se7en · wall_segment Stone Wall x14 |
| 14:12 | 手老抖 · wall_segment Stone Wall x7 |
| 14:20 | 手老抖 · wall_segment Stone Wall x10 |
| 14:21 | Sylmelex · wall_segment Stone Wall x11 |
| 15:37 | Sylmelex · wall_segment Stone Wall x10 |
| 16:00 | se7en · wall_segment Stone Wall x17 |
| 16:08 | se7en · wall_segment Stone Wall x11 |
| 16:12 | se7en · wall_segment Stone Wall x12 |
| 16:18 | 手老抖 · wall_segment Stone Wall x7 |
| 16:41 | 手老抖 · wall_segment Stone Wall x9 |
| 16:54 | Sylmelex · wall_segment Stone Wall x9 |
| 17:27 | 手老抖 · age_up castle |
| 17:39 | 手老抖 · first_building Monastery |
| 17:46 | se7en · wall_segment Stone Wall x19 |
| 18:16 | se7en · wall_segment Stone Wall x14 |
| 19:21 | Sylmelex · age_up castle |
| 19:28 | se7en · wall_segment Stone Wall x9 |
| 19:30 | se7en · wall_segment Stone Wall x10 |
| 19:36 | se7en · wall_segment Stone Wall x14 |
| 20:24 | Sylmelex · wall_segment Stone Wall x9 |
| 20:27 | Sylmelex · wall_segment Stone Wall x1 |
| 20:28 | Sylmelex · wall_segment Stone Wall x1 |
| 20:37 | · first_market_buy 100 stone |
| 20:53 | Sylmelex · first_building Monastery |
| 21:08 | se7en · age_up castle |
| 21:10 | · first_market_sell 100 wood |
| 21:27 | · first_building Monastery |
| 21:32 | se7en · wall_segment Stone Wall x16 |
| 21:37 | · first_building Monastery |
| 21:38 | se7en · wall_segment Stone Wall x2 |
| 21:38 | se7en · wall_segment Stone Wall x10 |
| 22:43 | · first_building Monastery |
| 22:44 | se7en · wall_segment Stone Wall x1 |
| 22:45 | se7en · wall_segment Stone Wall x10 |
| 23:10 | se7en · wall_segment Stone Wall x14 |
| 23:44 | Sylmelex · wall_segment Stone Wall x5 |
| 23:48 | 手老抖 · first_market_buy 100 food |
| 23:48 | Sylmelex · wall_segment Stone Wall x6 |
| 24:01 | se7en · wall_segment Stone Wall x10 |
| 24:02 | · first_building Monastery |
| 24:44 | se7en · wall_segment Stone Wall x18 |
| 25:15 | 草饼大叔 · age_up castle |
| 25:15 | se7en · wall_segment Stone Wall x11 |
| 25:22 | se7en · wall_segment Stone Wall x7 |
| 25:34 | 手老抖 · wall_segment Stone Wall x5 |
| 25:34 | · first_building Siege Workshop |
| 25:37 | · first_building Siege Workshop |
| 25:47 | · first_building Castle |
| 26:01 | · first_market_buy 100 food |
| 26:01 | · first_market_buy 100 food |
| 26:06 | Sylmelex · wall_segment Stone Wall x6 |
| 26:11 | Sylmelex · wall_segment Stone Wall x6 |
| 26:29 | · first_market_sell 100 wood |
| 26:34 | se7en · first_building Monastery |
| 26:38 | 草饼大叔 · first_building Monastery |
| 27:00 | 手老抖 · first_building Barracks |
| 27:08 | se7en · wall_segment Stone Wall x14 |
| 27:19 | se7en · wall_segment Stone Wall x6 |
| 27:22 | se7en · wall_segment Stone Wall x12 |
| 27:28 | se7en · wall_segment Stone Wall x9 |
| 27:30 | se7en · wall_segment Stone Wall x10 |
| 27:54 | Sylmelex · first_market_sell 100 wood |
| 28:06 | Sylmelex · wall_segment Stone Wall x6 |
| 29:04 | 手老抖 · first_market_sell 500 wood |
| 29:08 | Sylmelex · wall_segment Stone Wall x6 |
| 29:10 | Sylmelex · wall_segment Stone Wall x5 |
| 29:23 | Sylmelex · first_market_buy 100 food |
| 29:32 | · first_market_sell 100 wood |
| 29:36 | se7en · wall_segment Stone Wall x11 |
| 29:38 | se7en · wall_segment Stone Wall x2 |
| 29:40 | se7en · wall_segment Stone Wall x2 |
| 29:41 | se7en · wall_segment Stone Wall x9 |
| 30:10 | 手老抖 · first_building Stable |
| 30:22 | se7en · wall_segment Stone Wall x11 |
| 30:27 | Sylmelex · first_building Barracks |
| 30:28 | se7en · wall_segment Stone Wall x13 |
| 30:39 | Sylmelex · wall_segment Stone Wall x6 |
| 30:43 | se7en · first_building Siege Workshop |
| 30:44 | Sylmelex · wall_segment Stone Wall x6 |
| 31:07 | · first_building Archery Range |
| 31:21 | 手老抖 · first_building Castle |
| 31:35 | · first_building Archery Range |
| 31:37 | 草饼大叔 · first_building Barracks |
| 31:40 | · first_building Stable |
| 31:53 | · first_building Castle |
| 32:21 | 草饼大叔 · age_up imperial |
| 32:27 | · first_building Castle |
| 32:27 | Sylmelex · wall_segment Stone Wall x8 |
| 32:30 | se7en · wall_segment Stone Wall x6 |
| 32:36 | se7en · wall_segment Stone Wall x5 |
| 32:38 | se7en · wall_segment Stone Wall x11 |
| 32:44 | · first_building Castle |
| 33:18 | 手老抖 · wall_segment Stone Wall x8 |
| 33:30 | 草饼大叔 · first_building Castle |
| 33:35 | 手老抖 · age_up imperial |
| 33:49 | · first_building Siege Workshop |
| 34:05 | Sylmelex · first_building Siege Workshop |
| 34:08 | se7en · age_up imperial |
| 34:21 | Sylmelex · wall_segment Stone Wall x6 |
| 34:52 | 手老抖 · first_building Siege Workshop |
| 34:57 | Sylmelex · first_building Stable |
| 35:10 | 草饼大叔 · first_market_sell 500 food |
| 35:19 | Sylmelex · wall_segment Stone Wall x7 |
| 35:20 | Sylmelex · wall_segment Stone Wall x1 |
| 35:21 | Sylmelex · wall_segment Stone Wall x1 |
| 35:48 | Sylmelex · age_up imperial |
| 36:12 | · first_building Siege Workshop |
| 36:36 | 草饼大叔 · first_building Archery Range |
| 39:18 | Sylmelex · first_building Castle |
| 39:55 | 草饼大叔 · first_market_buy 100 food |
| 40:05 | 手老抖 · first_building Archery Range |
| 40:11 | se7en · first_building Castle |
| 40:13 | se7en · first_building Barracks |
| 40:39 | Sylmelex · first_building Archery Range |
| 40:47 | 手老抖 · wall_segment Stone Wall x9 |
| 44:11 | se7en · first_building Stable |
| 45:45 | 草饼大叔 · first_building Siege Workshop |
| 47:09 | · first_market_sell 100 wood |
| 48:35 | se7en · first_market_buy 100 stone |
| 51:07 | 草饼大叔 · tribute_sent a jugador 2 |
| 51:07 | 草饼大叔 · tribute_sent a jugador 3 |
| 51:07 | 草饼大叔 · tribute_sent a jugador 4 |
| 51:07 | 草饼大叔 · tribute_sent a jugador 5 |
| 51:07 | 草饼大叔 · tribute_sent a jugador 6 |
| 51:07 | 草饼大叔 · tribute_sent a jugador 7 |
| 51:07 | 草饼大叔 · tribute_sent a jugador 8 |
| 51:52 | se7en · first_building Archery Range |
| 66:46 | · resign |
| 67:29 | se7en · first_market_sell 500 food |
[ AI ANALYSIS · 1 CREDIT ]
What really happened in this match?
Wolo.gg analyzes every decision: build order, eco, micro, common mistakes by bracket. Personalized analysis on WhatsApp or Discord in 30 seconds.
Civ guide
Wei
Map guide
Black Forest
Perfil
Jugador #1713899